Unix NetHack Version 5.0.0-0 post-release - last build May 23 2026 06:08:33 (1c0ff79ee797540d5714e4e18072db0edd9e58ae,branch:main).

Game began 2026-05-27 06:22:13, ended 2026-05-27 06:40:21.

Atomicjoy, chaotic male elven Wizard

                                                         --
                                          ----          ..|
                                         --..---       ...--
                                     -----.....--      ....|          -----
                                      .....d...)----  .....| .##--  ....(.
                                          -G<).........?..............`  -
                                          ##...`*---h....................|
                                           |.^.B ..%.........---     ....-
                                        ----.f. .....................|
                                    -----.......................------
                                    -...........@...` ..........|
                                   |.... --............- .......-
                                   --.    |............... ..| ..|
                                    --    ----..............--  --
                                             --...--........|
                                              -----  .......|
                                                     -.|.----
                                                      ----
Atomicjoy the Evoker      St:11 Dx:14 Co:12 In:20 Wi:10 Ch:10  Chaotic
Dlvl:6  $:886 HP:0(20) Pw:8(8) AC:5  Xp:1/15 T:1896  Burdened

Latest messages:
 The gnome drinks a puce potion!
 The gnome seems more experienced.
 Pick a monster, object or location.
 Move cursor to a monster, object or location:
 [        a suit or piece of armor (a pair of elven boots)
 The gnome wields a bow!
 You see here a pair of elven boots.
 The housecat picks up a gem.
 The housecat drops a gem.
 You have a little trouble lifting Q - a pair of elven boots.
 The housecat picks up a gem.
 The gnome lord wields 4 daggers!
 The gnome shoots an arrow!
 An arrow misses you.
 The housecat drops a yellow gem.
 The housecat picks up a yellow gem.
 The gnome picks up an arrow.
 You fall down the stairs.
 The housecat drops a yellow gem.
 The housecat bites it.
 It hits the housecat.
 What do you want to throw? [$G or ?*] *
 In what direction? 6
 Hachi seems more amiable.
 The pear misses Hachi.
 The housecat bites Hachi.
 Hachi misses the housecat.
 The dagger misses the housecat.
 You are hit by a dagger!
 The dagger hits the housecat!
 You hear crashing rock.
 You have a little trouble lifting L - a pear.
 R - a yellow gem.
 The housecat bites Hachi.
 The dart hits the housecat.
 The housecat bites Hachi.
 Hachi bites the housecat.
 It picks up a pair of hard shoes.
 Click!  You trigger a rolling boulder trap!
 Fortunately for you, no boulder was released.
 The housecat picks up a dagger.
 MeWoden's ghost touches you!
 It hits!
 The housecat drops a dagger.
 The gnome lord shoots 2 arrows!
 The 1st arrow misses you.
 You are hit by the 2nd arrow!
 You die...
 Do you want your possessions identified? [ynq] (y) y
 Do you want to see your attributes? [ynq] (y) q

Inventory:
 Coins    ('$')
  $ - 886 gold pieces
 Amulets  ('"')
  t - a cursed amulet of strangulation
 Weapons  (')')
  G - a +0 elven dagger
  a - a blessed +1 quarterstaff (weapon in hands)
 Armor    ('[')
  x - an uncursed +0 orcish helm (being worn)
  Q - a cursed -1 pair of elven boots
  b - an uncursed +0 cloak of magic resistance (being worn)
  u - an uncursed +0 studded leather armor (being worn)
 Comestibles  ('%')
  I - an uncursed food ration
  L - an uncursed pear
 Scrolls  ('?')
  C - an uncursed scroll of amnesia
  s - an uncursed scroll of confuse monster
  P - an uncursed scroll of earth
  k - an uncursed scroll of enchant weapon
  i - an uncursed scroll of identify
  j - 2 uncursed scrolls of light
 Potions  ('!')
  h - an uncursed potion of booze
  g - 2 uncursed potions of extra healing
  q - 2 blessed potions of healing
  r - an uncursed potion of levitation
  H - an uncursed potion of monster detection
  O - an uncursed potion of oil
  f - an uncursed potion of restore ability
  y - a cursed potion of restore ability
  z - an uncursed potion of speed
 Rings    ('=')
  e - an uncursed ring of free action
  d - an uncursed ring of regeneration
  A - a cursed ring of searching
 Wands    ('/')
  K - a wand of cold (0:5)
  c - a wand of create monster (0:13)
  B - a wand of digging (0:7)
 Tools    ('(')
  o - an uncursed leather drum
  n - a magic marker (0:19)
 Gems/Stones  ('*')
  R - an uncursed citrine stone

Atomicjoy the Wizard's attributes:

Background:
 You were an Evoker, a level 1 male elven Wizard.
 You were chaotic, on a mission for Anhur
 who was opposed by Ptah (lawful) and Thoth (neutral).
 You were right-handed.
 You were in the Gnomish Mines, on level 6.
 You entered the dungeon 1896 turns ago.
 You had 15 experience points, 5 more were needed to attain level 2.

Basics:
 You had 0 out of 20 hit points.
 You had all 8 energy points (spell power).
 Your armor class was 5.
 Your wallet contained 886 zorkmids.
 Autopickup was off.

Final Characteristics:
 Your strength was 11 (limit:18).
 Your dexterity was 14 (limit:18).
 Your constitution was 12 (limit:16).
 Your intelligence was 20 (limit:20).
 Your wisdom was 10 (limit:20).
 Your charisma was 10 (limit:18).

Final Status:
 You weren't hungry.
 You were burdened; movement was slightly slowed.
 You were wielding a quarterstaff.
 You had basic skill with quarterstaff.

Final Attributes:
 You were devoutly aligned.
 You were magic-protected.
 You had infravision.
 You were warded.
 You are dead.

Miscellaneous:
 You encountered 1 bones level.
 Total elapsed playing time was 18 minutes and 5 seconds.

Major events:
 Turn
    1: Atomicjoy the chaotic male elven Wizard entered the dungeon
 1849: entered the Gnomish Mines
 1896: killed by an arrow

Spells:
 Name                 Level Category     Fail Retention
 force bolt             1   attack         0%  91%-100%
 knock                  1   matter         0%  76%-100%
 cure sickness          3   healing       80%  76%-100%
 levitation             4   escape       100%  76%-100%

Skills:
 Fighting Skills
   bare handed combat [Unskilled]
   riding             [Unskilled]
 Weapon Skills
   dagger             [Unskilled]
   knife              [Unskilled]
   axe                [Unskilled]
   short sword        [Unskilled]
   club               [Unskilled]
   mace               [Unskilled]
   quarterstaff       [Basic]
   polearms           [Unskilled]
   spear              [Unskilled]
   trident            [Unskilled]
   sling              [Unskilled]
   dart               [Unskilled]
   shuriken           [Unskilled]
 Spellcasting Skills
   attack spells      [Basic]
   healing spells     [Unskilled]
   divination spells  [Unskilled]
   enchantment spells [Basic]
   clerical spells    [Unskilled]
   escape spells      [Unskilled]
   matter spells      [Unskilled]

Voluntary challenges:
 Character rerolling was not enabled.
 You never genocided any monsters.
 You never polymorphed an object.
 You never changed form.
 You used no wishes.
Achievements:
 You entered a shop.
 You entered the Gnomish Mines.

 The Dungeons of Doom: levels 1 to 5
    Level 1:
       A fountain, a sink.
    Level 2:
    Level 3:
       A general store, a fountain.
    Level 4:
       Stairs down to The Gnomish Mines.
    Level 5:
 The Gnomish Mines: levels 5 to 6
    Level 5:
    Level 6: <- You were here.
       A grave.
       Final resting place for
          you, killed by an arrow,
          greengrass-Sam-Hum-Mal-Law, killed by an invisible gnome king,
          MeWoden-Pri-Hum-Fem-Neu, killed by an invisible gnome king.


Vanquished creatures:
 an orc zombie
 an acid blob
  a coyote
  a hobbit
  a gnome
  3 gnome zombies
  a jackal
  2 foxes
  a goblin
  a sewer rat
  3 grid bugs
  6 lichens
  7 kobold zombies
  7 newts
36 creatures vanquished.

No species were genocided or became extinct.

Game over:
                       ----------
                      /          \
                     /    REST    \
                    /      IN      \
                   /     PEACE      \
                  /                  \
                  |    Atomicjoy     |
                  |      886 Au      |
                  |   killed by an   |
                  |      arrow       |
                  |                  |
                  |                  |
                  |       2026       |
                 *|     *  *  *      | *
        _________)/\\_//(\/(/\)/\//\/|_)_______

Goodbye Atomicjoy the Wizard...

You died in The Gnomish Mines on dungeon level 6 with 1108 points,
and 886 pieces of gold, after 1896 moves.
You were level 1 with a maximum of 20 hit points when you died.

